 Dungeon Crawl Stone Soup version 0.31-a0-426-g3a05650e59 (webtiles) character file.

Game seed: 325331715373553164

60 LustLizard the Ruffian (level 4, -1/29 HPs)
             Began as an Octopode Shapeshifter on July 31, 2023.
             Succumbed to an adder's poison
             ... on level 3 of the Dungeon.
             The game lasted 00:02:03 (1457 turns).

LustLizard the Ruffian (Octopode Shapeshifter)      Turns: 1457, Time: 00:02:03

Health: -1/29      AC:  1    Str: 14    XL:     4   Next: 6%
Magic:  4/4        EV: 13    Int: 12    God:
Gold:   90         SH:  5    Dex: 12    Spells: 3/3 levels left

rFire   + .          .
                       - Unarmed
rCold   + . .        (no shield)
rNeg    . . .        (helmet currently unavailable)
rPois   +            h - amulet of reflection
rElec   +            i - ring of wizardry
rCorr   +            (no ring)
SInv    .            (no ring)
Will    .....        (no ring)
Stlth   ++           (no ring)
HPRegen 0.24/turn    (no ring)
MPRegen 0.09/turn    (no ring)
                     (no ring)

%: reflection, wizardry (x1)
@: brilliant, lethally poisoned (-1 -> -8), beast-form, resistant
A: beast (slay +2), almost no armour, amphibious, 8 rings, camouflage 1,
gelatinous body 1, (nimble swimmer 1), tentacles
a: Begin Untransformation


You were on level 3 of the Dungeon.
You were a hulking beast.
You visited 1 branch of the dungeon, and saw 3 of its levels.

You collected 90 gold pieces.

Inventory:

Missiles
 c - 4 poisoned darts
Jewellery
 h - an amulet of reflection (around mantle)
 i - a ring of wizardry (left tentacle)
Talismans
 b - a beast talisman (active)
Scrolls
 f - 2 scrolls of teleportation
 g - a scroll of poison {unknown}
 j - 3 scrolls of identify {unknown}
 k - a scroll of revelation {unknown}
 m - 3 scrolls of immolation {unknown}
 o - a scroll of enchant armour {unknown}
Potions
 a - 3 potions of lignification
 d - 3 potions of resistance
 l - a potion of heal wounds {unknown}
 n - a potion of curing {unknown}


   Skills:
 + Level 1.9 Fighting
 - Level 2.0 Dodging
 * Level 4.0 Unarmed Combat
 + Level 3.3 Shapeshifting


You had 3 spell levels left.
You didn't know any spells.
Your spell library was empty.

Dungeon Overview and Level Annotations

Branches:
Dungeon (3/15)

Altars:

Shops:
D:1 [


Innate Abilities, Weirdness & Mutations

You are a hulking beast.
Your limbs bulge with bestial killing power. (Slay +2)
You cannot wear most types of armour.
You are amphibious.
You can wear up to eight rings at the same time.
Your skin changes colour to match your surroundings (Stealth+).
Your rubbery body absorbs attacks. (AC +1, EV +1)
((You are camouflaged when in or above water. (Stealth+)))
You have tentacles for arms and can constrict up to eight enemies at once.


Message History

The adder hisses angrily.
You miss the adder. Your grab misses the adder. Your squeeze misses the adder.
The adder is moderately wounded.
You hear a shout!
The adder barely misses you. x2; You block the adder's attack.
You tentacle-slap the adder. Your grab misses the adder.
Your tentacle-slap misses the adder.
The adder is severely wounded.
The adder bites you. x2
You are poisoned.
The adder poisons you!
A goblin comes into view. It is wielding a +0 club.
You closely miss the adder. You grab the adder.
The adder is severely wounded.
You constrict the adder.
You feel sick. The adder misses you. The adder barely misses you.
Unknown command.
You tentacle-slap the adder but do no damage.
The adder is almost dead.
You constrict the adder.
You feel sick. The adder bites you.
You are more poisoned.
The adder poisons you! The adder bites you. x2
You barely miss the adder. Your grab misses the adder. You constrict the adder.
You kill the adder!
You feel sick. The adder bites you.
* * * LOW HITPOINT WARNING * * *
The adder bites you.
* * * LOW HITPOINT WARNING * * *
You are more poisoned.
The adder poisons you!
Your Unarmed Combat skill increases to level 4!
You have reached level 4!
It was a potion of resistance.
You feel protected.
* * * LOW HITPOINT WARNING * * *
You feel very sick. The adder barely misses you.
It was a potion of brilliance.
You feel clever all of a sudden.
You die...

## #.
#g##
#.h#
#.#S#
..#
#.#
###
##


You could see an adder and a goblin.

Vanquished Creatures
  3 adders
  2 dart slugs
  6 ball pythons
  2 endoplasms (D:1)
  A giant cockroach (D:1)
  2 goblins
  6 hobgoblins
  A kobold (D:1)
  A quokka (D:1)
  2 bats (D:1)
  2 frilled lizards (D:2)
28 creatures vanquished.

Notes
Turn   | Place    | Note
-------+----------+-------------------------------------------
     0 | D:1      | LustLizard the Octopode Shapeshifter began the quest for
                  | the Orb.
     0 | D:1      | Reached XP level 1. HP: 13/13 MP: 1/1
   177 | D:1      | Reached XP level 2. HP: 17/18 MP: 2/2
   472 | D:1      | Found Rifak's Antique Armour Emporium.
   950 | D:2      | Reached XP level 3. HP: 23/23 MP: 3/3
  1456 | D:3      | Reached skill level 4 in Unarmed Combat
  1456 | D:3      | Reached XP level 4. HP: 4/29 MP: 4/4
  1456 | D:3      | HP: 1/29 [poisoned by an adder]
  1457 | D:3      | Succumbed to an adder's poison

Illustrated notes

Levels and vault maps discovered:
D:1:      dpeg_arrival_castle, layout_loops_ring, serial_shops, shop
D:2:      layout_loops_ring, st_stairs_8, minmay_distorted
D:3:      layout_loops_ring

Skill      XL: |  1  2  3 |
---------------+----------+-----
Unarmed Combat | 4 |  4.0
Fighting       | |  1.9
Dodging        | |  2.0
Shapeshifting  | |  3.3

Action                     |  1- 3 |  4- 6 || total
---------------------------+-------+-------++-------
  Melee: Unarmed           |    57 |       ||    57
         Constrict         |    12 |       ||    12
         Tentacles         |     6 |       ||     6
         Punch             |     1 |       ||     1
    Use: Scroll            |     1 |       ||     1
         Potion            |       |     2 ||     2
   Stab: Sleeping          |     2 |       ||     2
 Armour: Skin              |     3 |       ||     3
  Dodge: Dodged            |    20 |     1 ||    21
  Block: Other             |     3 |       ||     3

Table legend: (Time is in decaauts)
 A = Elapsed time spent in this place.
 B = Non-inter-level travel time spent in this place.
 C = Inter-level travel time spent in this place.
 D = Time resting spent in this place.
 E = Time spent auto-exploring this place.
 F = Levels seen in this place.
 G = Mean time per level.
                   A        B        C        D        E       F      G
               +--------+--------+--------+--------+--------+-----+--------+
         Total |   1452 |   1386 |     66 |      5 |   1024 |   3 |  484.0 |
       Dungeon |   1452 |   1386 |     66 |      5 |   1024 |   3 |  484.0 |
               +--------+--------+--------+--------+--------+-----+--------+

Top non-repeatable levels by time:
     D:1: 803 daAuts
     D:2: 630 daAuts
     D:3: 18 daAuts
